 Dungeon Crawl Stone Soup version 0.30-b1-2-g02819fbbbe (webtiles) character file.

Game seed: 13227548883520084968

4 rolhand the Sneak (level 1, -3/13 HPs)
             Began as a Human Wanderer on Dec 6, 2023.
             Slain by a gnoll
             ... wielding a +0 spear
              (8 damage)
             ... on level 1 of the Dungeon.
             The game lasted 00:06:09 (94 turns).

rolhand the Sneak (Human Wanderer)                    Turns: 94, Time: 00:06:09

Health: -3/13      AC:  3    Str:  9    XL:     1   Next: 66%
Magic:  1/1        EV: 11    Int: 11    God:
Gold:   16         SH:  0    Dex: 16    Spells: 0/0 levels left

rFire   . . .        a - +2 spear
rCold   . . .        (no shield)
rNeg    . . .        e - +0 robe
rPois   .            c - +0 helmet
rElec   .            (no cloak)
rCorr   .            (no gloves)
SInv    .            (no boots)
Will    .....        (no amulet)
Stlth   ++           (no ring)
HPRegen 0.22/turn    (no ring)
MPRegen 0.07/turn

%: no passive effects
@: no status effects
A: no striking features
a: no special abilities


You were on level 1 of the Dungeon.
You visited 1 branch of the dungeon, and saw 1 of its levels.

You collected 16 gold pieces.

Inventory:

Hand Weapons
 a - a +2 spear (weapon)
 b - a +0 falchion
Armour
 c - a +0 helmet (worn)
 e - a +0 robe (worn)
 f - a +0 robe
Magical Staves
 g - a staff of cold
Scrolls
 d - a scroll of silence


   Skills:
 + Level 1.0 Long Blades
 + Level 2.0 Polearms
 + Level 3.3 Stealth
 + Level 1.0 Invocations
 + Level 3.0 Evocations


You couldn't memorise any spells.
You didn't know any spells.
Your spell library contained the following spells:

 Spells                   Type           Power      Damage    Failure   Level
 Blade Hands              Tmut           0%         N/A       100%        5
 Irradiate                Conj/Tmut      0%         3d11      100%        5
 Dragon Form              Tmut           0%         N/A       100%        7


Dungeon Overview and Level Annotations

Branches:
Dungeon (1/15)

Altars:


Message History

You see here a staff of cold.
g - a staff of cold You don't know any spells.
You don't know any spells.
Things that are here:
a +0 dagger; 3 stones; a kobold corpse A frilled lizard comes into view.
The bat barely misses you.
You see here a book of Transfigurations.
You pick up a book of Transfigurations and begin reading...
You add the spells Irradiate, Blade Hands and Dragon Form to your library.
The bat hits you but does no damage.
You barely miss the bat. The bat barely misses you.
You miss the bat. The bat misses you.
You hit the bat.
You kill the bat!
The frilled lizard hisses angrily.
You see here a bat corpse.
A rat and a giant cockroach come into view.
Found a stone staircase leading down.
The frilled lizard bites you but does no damage.
You puncture the frilled lizard!
You kill the frilled lizard!
You closely miss the giant cockroach. The giant cockroach barely misses you.
You hit the giant cockroach.
You kill the giant cockroach!
Found a green potion and a glowing emerald potion.
A gnoll comes into view. It is wielding a +0 spear.
The gnoll barely misses you.
A frilled lizard comes into view.
Found a stone staircase leading down.
The gnoll barely misses you.
You barely miss the gnoll. The gnoll hits you but does no damage.
You hit the gnoll but do no damage.
The frilled lizard hisses angrily.
The gnoll hits you with a +0 spear!
Ouch! That really hurt!
A bat comes into view.
The gnoll hits you from afar with a +0 spear!
Ouch! That really hurt!
You die...

#.#....# ...#....# #
#..###....#####.##
#.# ###..†....... #.
#.......... #
#.......... #
#.......... ###.#
###..†.......
......##@...........
......g..........##.
...!!.###.........#
.l... #..........#
...b #...........
... #........#r> ..
#........# >
###.###### .#


You could see a gnoll, a bat (wandering) and a frilled lizard.

Vanquished Creatures
  A bat (D:1)
  A giant cockroach (D:1)
  A frilled lizard (D:1)
  A kobold (D:1)
4 creatures vanquished.

Notes
Turn   | Place    | Note
-------+----------+-------------------------------------------
     0 | D:1      | rolhand the Human Wanderer began the quest for the Orb.
     0 | D:1      | rolhand set off with the following items: a +2 spear, a +0
                  | falchion, a +0 helmet, a scroll of silence, a +0 robe.
     0 | D:1      | Reached XP level 1. HP: 13/13 MP: 1/1
    94 | D:1      | Slain by a gnoll

Illustrated notes

Levels and vault maps discovered:
D:1:      psy_arrival_fountain, layout_rooms, grunt_decor_clamped

Action                     || total
---------------------------++-------
  Melee: Spear             ||    10
 Armour: Robe              ||     3
  Dodge: Dodged            ||     6
